 Dungeon Crawl Stone Soup version 0.24-a0-181-gd121a6d (webtiles) character file.

Game seed: 8246306030920965625

2653 galech the Chopper (level 9, -9/69 HPs)
             Began as a Demonspawn Fighter on Mar 14, 2019.
             Was a Believer of Okawaru.
             Mangled by a red ugly thing (23 damage)
             ... on level 7 of the Dungeon.
             The game lasted 00:07:58 (6470 turns).

galech the Chopper (Demonspawn Fighter)             Turns: 6470, Time: 00:08:00

Health: -9/69      AC: 26    Str: 16    XL:     9   Next: 36%
Magic:  7/9        EV:  8    Int: 11    God:    Okawaru [**....]
Gold:   264        SH: 12    Dex: 15    Spells: 8/8 levels left

rFire    . . .     SeeInvis .   a - +0 war axe
rCold    + . .     Gourm    .   c - +0 shield
rNeg     + . .     Faith    .   v - +0 plate armour
rPois    .         Spirit   .   x - +0 helmet (curse)
rElec    .         Reflect  .   s - +0 cloak
rCorr    .         Harm     .   (no gloves)
MR       .....                  (no boots)
Stlth    ..........             (no amulet)
HPRegen  0.21/turn              p - ring of positive energy
MPRegen  0.11/turn              (no ring)

@: heroism, sanguine armour, hasted, very quick
A: hooves 2, cold resistance 1, foul stench 1, rot immunity, sanguine armour 2
a: Heroism, Renounce Religion


You were on level 7 of the Dungeon.
You worshipped Okawaru.
Okawaru was pleased with you.
You were not hungry.

You visited 2 branches of the dungeon, and saw 8 of its levels.

You collected 264 gold pieces.

Inventory:

Hand Weapons
 a - a +0 war axe (weapon)
Armour
 c - a +0 shield (worn)
 s - a +0 cloak (worn)
 v - a +0 plate armour (worn)
 x - a cursed +0 helmet (worn)
Jewellery
 p - a ring of positive energy (left hand)
Wands
 u - a wand of iceblast (10)
Scrolls
 b - 3 scrolls of identify
 g - a scroll of magic mapping
 h - 2 scrolls of remove curse
 i - a scroll of amnesia
 q - a scroll of teleportation {unknown}
 r - 2 scrolls of fog {unknown}
 w - 3 scrolls of summoning {unknown}
Potions
 d - a potion of might
 e - a potion of agility {unknown}
 j - a potion of ambrosia
 k - a potion of brilliance {unknown}
 n - 3 potions of flight
 o - 2 potions of curing
 t - a potion of lignification {unknown}
Comestibles
 f - 7 rations


   Skills:
 + Level 5.7(10.7) Fighting
 + Level 7.9(12.9) Axes
 + Level 5.5(10.5) Armour
 + Level 1.9(6.9) Dodging
 + Level 1.5(6.5) Stealth
 + Level 5.8(10.8) Shields


You had 8 spell levels left.
You didn't know any spells.
Your spell library contained the following spells:

 Spells                   Type           Power        Failure   Level  Hunger
 Poisonous Vapours        Pois/Air       #.....       100%        2    ###....
 Conjure Flame            Conj/Fire      #.......     100%        3    ####...
 Mephitic Cloud           Conj/Pois/Air  #.......     100%        3    ####...
 Freezing Cloud           Conj/Ice/Air   #.........   100%        6    #######
 Ring of Flames           Chrm/Fire      #.........   100%        7    #######


Dungeon Overview and Level Annotations

Branches:
Dungeon (7/15)             Temple (1/1) D:5

Altars:
Cheibriados
Dithmenos
Elyvilon
Fedhas
Gozag
Hepliaklqana
Kikubaaqudgha
Makhleb
Nemelex Xobeh
Okawaru
Qazlal
Ru
Trog
Uskayaw
Vehumet
Wu Jian
Xom
Yredelemnul
The Shining One

Annotations:
D:3 3 runed translucent doors, Inarius's ghost, amateur DsAs


Innate Abilities, Weirdness & Mutations

You have hoof-like feet.
Your flesh is cold resistant. (rC+)
You may emit foul miasma when damaged in melee.
You are immune to rotting.
When seriously injured, your bleeding wounds create thick armour. (AC +9)


Message History

Your plate armour prevents you from hitting the red ugly thing.
Your kick misses the red ugly thing.
The red ugly thing is heavily wounded.
You hit the red ugly thing but do no damage.
You kick the red ugly thing, but do no damage.
The red ugly thing is heavily wounded.
The red ugly thing stings you!
Your blood congeals into armour.
You are engulfed in flames!!
* * * LOW HITPOINT WARNING * * *
You emit a cloud of foul miasma!
You hit the red ugly thing. You kick the red ugly thing!
The red ugly thing is severely wounded.
You hit the red ugly thing.
The red ugly thing is severely wounded.
The red ugly thing is engulfed in dark miasma.
The red ugly thing is poisoned.
The red ugly thing seems to slow down.
The red ugly thing stings you.
* * * LOW HITPOINT WARNING * * *
You are engulfed in flames!!
You die...

#.....# #.>.# #.# #.....#
#...### #.# #....ยง# #.....#
#.# #(....##############..#.#
#.#
#................##...#.###.#
#................##...#......
#................###..#####)#
#....<...........# #........#
####.......u@....# ##..#.####
#.............## #..#.....
#..............# #........
#..............# #..#.....
#..............# #.##.####
##############.# #........
#.# ####....# #.######.####
#..........##


You could see a red ugly thing.

Vanquished Creatures
  A human (D:5)
  Edmund (D:5)
  2 ice beasts
  A necrophage (D:5)
  4 ogres
  3 centaurs
  Blork the orc (D:5)
  4 bullfrogs
  3 scorpions
  5 killer bees (D:6)
  3 wights (D:6)
  2 vampire bats (D:6)
  A crimson imp (D:6)
  A centaur zombie (D:6)
  2 hounds
  2 jellies
  4 orc wizards
  3 bullfrog skeletons (D:7)
  An iguana (D:5)
  Natasha (thrice) (D:3)
  A hound skeleton (D:6)
  3 gnolls (D:6)
  4 adders
  An ooze (D:3)
  An adder skeleton (D:4)
  5 worms
  A dart slug (D:2)
  3 leopard geckos
  16 orcs
  A ball python (D:6)
  A bat (D:2)
  2 bat skeletons (D:6)
  4 bat zombies (D:6)
  2 giant cockroaches
  5 goblins
  10 hobgoblins
  10 jackals
  2 quokkas
  3 frilled lizards
  A goblin zombie (D:5)
  A jackal zombie (D:5)
  5 kobolds
  A quokka zombie (D:6)
  10 rats
140 creatures vanquished.

Notes
Turn   | Place    | Note
-------+----------+-------------------------------------------
     0 | D:1      | galech the Demonspawn Fighter began the quest for the Orb.
     0 | D:1      | Reached XP level 1. HP: 18/18 MP: 1/1
   356 | D:1      | Gained mutation: You are immune to rotting. [demonic
                  | ancestry]
   356 | D:1      | Reached XP level 2. HP: 21/24 MP: 2/2
   794 | D:2      | Reached skill level 2 in Axes
   849 | D:2      | Gained mutation: Your flesh is cold resistant. (rC+)
                  | [demonic ancestry]
   849 | D:2      | Reached XP level 3. HP: 28/29 MP: 3/3
  1505 | D:3      | Noticed Natasha
  1512 | D:3      | Killed Natasha
  1512 | D:3      | Gained mutation: You have large cloven feet. [demonic
                  | ancestry]
  1512 | D:3      | Reached XP level 4. HP: 35/35 MP: 4/4
  2040 | D:3      | Found a runed translucent gate.
  2041 | D:3      | Found a runed translucent gate.
  2041 | D:3      | Found a runed translucent gate.
  2042 | D:3      | Noticed Inarius's ghost (amateur DsAs)
  2068 | D:3      | Noticed Natasha
  2080 | D:3      | Killed Natasha
  2242 | D:3      | Reached skill level 3 in Axes
  2334 | D:3      | Noticed Natasha
  2346 | D:3      | Killed Natasha
  2346 | D:3      | Reached skill level 1 in Dodging
  2346 | D:3      | Gained mutation: You may emit foul miasma when damaged in
                  | melee. [demonic ancestry]
  2346 | D:3      | Reached XP level 5. HP: 6/42 MP: 5/5
  2896 | D:4      | Noticed an ogre
  2905 | D:4      | Killed an ogre
  2905 | D:4      | Gained mutation: When seriously injured, your bleeding
                  | wounds create armour. (AC +9) [demonic ancestry]
  2905 | D:4      | Reached XP level 6. HP: 14/48 MP: 6/6
  3158 | D:4      | Found a hazy altar of Hepliaklqana.
  3341 | D:4      | Found a snail-covered altar of Cheibriados.
  3341 | D:4      | Found a blossoming altar of Fedhas.
  3359 | D:4      | Found a glowing golden altar of the Shining One.
  3362 | D:4      | Reached skill level 4 in Axes
  3727 | D:5      | Entered Level 5 of the Dungeon
  3727 | D:5      | Noticed Blork the orc
  3738 | D:5      | Killed Blork the orc
  3738 | D:5      | Reached XP level 7. HP: 51/54 MP: 7/7
  3803 | D:5      | Noticed Edmund
  3813 | D:5      | Reached skill level 5 in Axes
  3814 | D:5      | Killed Edmund
  4022 | D:5      | Gained mutation: When seriously injured, your bleeding
                  | wounds create thick armour. (AC +9) [demonic ancestry]
  4022 | D:5      | Reached XP level 8. HP: 61/61 MP: 8/8
  4050 | D:5      | Found a basalt altar of Yredelemnul.
  4118 | D:5      | Reached skill level 6 in Axes
  4211 | D:5      | Found a staircase to the Ecumenical Temple.
  4225 | Temple   | Entered the Ecumenical Temple
  4409 | Temple   | Became a worshipper of Warmaster Okawaru
  4555 | D:5      | Found a runed translucent door.
  4557 | D:5      | Found a basalt altar of Yredelemnul.
  4577 | D:5      | Reached skill level 1 in Stealth
  4771 | D:6      | Reached skill level 5 in Armour
  4775 | D:6      | Reached skill level 5 in Fighting
  4885 | D:6      | Reached * piety under Okawaru
  4885 | D:6      | Reached skill level 7 in Axes
  5332 | D:6      | Found an ancient bone altar of Kikubaaqudgha.
  5340 | D:6      | Gained mutation: You have hoof-like feet. [demonic
                  | ancestry]
  5340 | D:6      | Reached XP level 9. HP: 66/68 MP: 9/9
  5547 | D:7      | Reached skill level 5 in Shields
  5663 | D:7      | Reached ** piety under Okawaru
  6150 | D:7      | Noticed a red ugly thing
  6470 | D:7      | Mangled by a red ugly thing

Levels and vault maps discovered:
D:1:      sevenhm_arrival_forest_fort_small_4, layout_loops_corners
D:2:      layout_basic, first_ration, minmay_door_square, st_stairs_6
D:3:      layout_basic, ebering_ghost_rock_garden, uniq_natasha
D:4:      layout_rooms, overflow_temple_1_default,
          gammafunk_temple_overflow_forgotten
D:5:      layout_cave_pools, overflow_temple_1_default, temple_green,
          dk_yredelemnul_ordeal, uniq_edmund, uniq_blork_the_orc
D:6:      layout_rooms, kennysheep_vampire_church
D:7:      layout_basic, lemuel_round_altar, serial_shops, shop
Temple:   nicolae_temple_figure_eight

Skill      XL: |  1  2  3  4  5  6  7  8  9 |
---------------+----------------------------+-----
Armour         | 3 4 5 |  5.5
Axes           | 2 3 4 5 7 |  7.9
Shields        | 3 4 5 |  5.8
Dodging        | 1 |  1.9
Fighting       | 4 5 |  5.7
Stealth        | 1 |  1.5

Action                   |  1- 3 |  4- 6 |  7- 9 || total
-------------------------+-------+-------+-------++-------
Melee: War axe           |   105 |   133 |   276 ||   514
       Kick              |       |    36 |    74 ||   110
Invok: Heroism           |       |       |     2 ||     2
  Use: Scroll            |       |     5 |     2 ||     7
       Potion            |       |       |     6 ||     6
 Stab: Distracted        |       |       |     1 ||     1
  Eat: Chunk             |     2 |     7 |     7 ||    16
       Ration            |       |       |     1 ||     1
Armor: Scale mail        |    41 |    10 |       ||    51
       Ring mail         |       |    28 |       ||    28
       Plate armour      |       |     4 |   225 ||   229
Dodge: Dodged            |    39 |    43 |    53 ||   135
Block: Shield            |    58 |    53 |   180 ||   291

Table legend:
 A = Non-vault XP
 B = Vault XP
 C = Vault XP percentage of total XP
 D = Non-vault monster count
 E = Vault monster count
 F = Vault count percentage of total count
                 A         B        C        D         E       F
            +---------+---------+-------+---------+---------+-------
      Total |    3185 |     606 |  16.0 |     125 |      15 |  10.7
            +---------+---------+-------+---------+---------+-------
        D:1 |      22 |       0 |   0.0 |      13 |       0 |   0.0
        D:2 |      53 |       4 |   7.0 |      23 |       2 |   8.0
        D:3 |     115 |      35 |  23.3 |      15 |       1 |   6.2
        D:4 |     419 |       0 |   0.0 |      19 |       0 |   0.0
        D:5 |     755 |     443 |  37.0 |      12 |       4 |  25.0
        D:6 |    1242 |     124 |   9.1 |      33 |       8 |  19.5
        D:7 |     579 |       0 |   0.0 |      10 |       0 |   0.0
            +---------+---------+-------+---------+---------+-------
